 Dungeon Crawl Stone Soup version 0.26.1-11-gd32895ea62 (webtiles) character file.

Game seed: 14339694324427446285

97 nothank2 the Cudgeller (level 4, -2/35 HPs)
             Began as a Demonspawn Abyssal Knight on June 24, 2021.
             Was a Believer of Lugonu.
             Slain by an ogre
             ... wielding a cursed -2 giant club
              (6 damage)
             ... on level 3 of the Dungeon.
             The game lasted 00:04:33 (2747 turns).

nothank2 the Cudgeller (Demonspawn Abyssal Knight)  Turns: 2747, Time: 00:04:33

Health: -2/35      AC:  6    Str: 14    XL:     4   Next: 42%
Magic:  5/5        EV: 10    Int: 13    God:    Lugonu [**....]
Gold:   139        SH:  0    Dex: 12    Spells: 3/3 levels left

rFire    . . .     SeeInvis .   n - +0 flail
rCold    . . .     Faith    .   (no shield)
rNeg     . . .     Spirit   .   l - +0 ring mail (curse)
rPois    .         Reflect  .   (helmet restricted)
rElec    .         Harm     .   (no cloak)
rCorr    .         Rampage  .   (no gloves)
Will     .....                  g - +0 pair of boots
Stlth    +.........             (no amulet)
HPRegen  0.11/turn              (no ring)
MPRegen  0.09/turn              (no ring)

@: mighty
A: horns 2, powered by pain 1
a: Renounce Religion, Depart the Abyss, Bend Space


You were on level 3 of the Dungeon.
You worshipped Lugonu.
Lugonu was pleased with you.
You visited 1 branch of the dungeon, and saw 3 of its levels.
You visited the Abyss 1 time.

You collected 139 gold pieces.

Inventory:

Hand Weapons
 a - a +1 mace
 n - a +0 flail (weapon)
Missiles
 c - 27 poisoned darts (quivered)
Armour
 b - a +0 leather armour
 e - a +1 scale mail
 g - a +0 pair of boots (worn)
 l - a cursed +0 ring mail (worn)
Scrolls
 m - a scroll of fear {unknown}
Potions
 d - a potion of degeneration {unknown}
 f - 2 potions of magic {unknown}
 h - 2 potions of lignification
 i - a potion of invisibility {unknown}
 j - a potion of berserk rage {unknown}
 k - 2 potions of curing


   Skills:
 - Level 3.0 Fighting
 + Level 4.3 Maces & Flails
 - Level 1.7 Armour
 - Level 0.8 Dodging
 - Level 2.4 Invocations


You had 3 spell levels left.
You didn't know any spells.
Your spell library was empty.

Dungeon Overview and Level Annotations

Branches:
Dungeon (3/15)

Altars:
Uskayaw


Innate Abilities, Weirdness & Mutations

You have a pair of horns on your head.
You sometimes gain a little power by taking damage.


Message History

Your ring mail prevents you from hitting the ogre.
The ogre barely misses you.
You completely miss the ogre.
You headbutt the ogre, but do no damage.
The ogre is lightly wounded.
The ogre barely misses you.
You hit the ogre but do no damage.
The ogre is lightly wounded.
The ogre hits you with a cursed -2 giant club!!
Ouch! That really hurt!
You focus on the pain.
You feel very mighty all of a sudden.
You sock the ogre!
The ogre is heavily wounded.
The ogre hits you with a cursed -2 giant club!
* * * LOW HITPOINT WARNING * * *
The ogre looks more healthy.
There is a stone staircase leading up here.
The ogre hits you with a cursed -2 giant club.
You die...

# #.# ♣.♣.♣.♣...#
# #.# #.....#####
# #.# ♣.♣.♣.♣
####.# #.....#
...#.# ####..#
##.#.##### #..#
.........# #..#
.#.#####.#
########..#
.....# #.#
#..@Ogr(.(#
.....###.#
#.######..#
.........# #
#.....
.....##..##
#O.###..
.....##...# #g.#
.#.####.#.# #...
.#.# #.#)# ....r
.#.####.#.##
#....
...........###♣#♣


You could see an ogre, a quokka and a hobgoblin.

Vanquished Creatures
  Terence (D:3)
  2 adders
  A worm (D:2)
  2 dart slugs (D:1)
  A leopard gecko (D:2)
  An orc (D:3)
  3 bats
  2 giant cockroaches (D:3)
  4 goblins
  9 hobgoblins
  10 kobolds
  A quokka (D:2)
  2 frilled lizards
  9 rats
48 creatures vanquished.

Notes
Turn   | Place    | Note
-------+----------+-------------------------------------------
     0 | Abyss:1  | nothank2 the Demonspawn Abyssal Knight began the quest for
                  | the Orb.
     0 | Abyss:1  | Reached XP level 1. HP: 18/18 MP: 2/2
    46 | Abyss:1  | Noticed a neqoxec
    53 | D:1      | Escaped the Abyss
   165 | D:1      | Reached skill level 2 in Maces & Flails
   201 | D:1      | Reached * piety under Lugonu
   219 | D:1      | Gained mutation: You sometimes gain a little power by
                  | taking damage. [demonic ancestry]
   219 | D:1      | Reached XP level 2. HP: 19/24 MP: 3/3
  1065 | D:1      | Reached skill level 3 in Maces & Flails
  1378 | D:2      | Gained mutation: You have a pair of small horns on your
                  | head. [demonic ancestry]
  1378 | D:2      | Reached XP level 3. HP: 24/29 MP: 4/4
  1582 | D:2      | Found a hide-covered altar of Uskayaw.
  2389 | D:3      | Noticed Terence
  2399 | D:3      | Killed Terence
  2400 | D:3      | Reached skill level 4 in Maces & Flails
  2400 | D:3      | Gained mutation: You have a pair of horns on your head.
                  | [demonic ancestry]
  2400 | D:3      | Reached XP level 4. HP: 24/35 MP: 5/5
  2661 | D:3      | Reached ** piety under Lugonu
  2733 | D:3      | Noticed an ogre
  2747 | D:3      | Slain by an ogre

Illustrated notes

Levels and vault maps discovered:
D:1:      dpeg_arrival_water_temple_mockup, layout_loops_corners, minivault_4,
          minivault_25
D:2:      layout_loops_cross, nicolae_overflow_hidden_temple,
          minmay_pentomino_p4
D:3:      layout_loops_ring, serial_forest, infiniplex_forest_corner_1,
          infiniplex_forest_lined_corner, infiniplex_forest_end_1,
          infiniplex_forest_lined_ring, infiniplex_forest_straight_1,
          infiniplex_forest_lined_3, infiniplex_forest_straight_2,
          infiniplex_forest_lined_room_2, infiniplex_forest_clump_C,
          uniq_terence

Skill      XL: |  1  2  3 |
---------------+----------+-----
Maces & Flails | 2 3 4 |  4.3
Fighting       | |  3.0
Armour         | |  1.7
Dodging        | |  0.8
Invocations    | |  2.4

Action                   |  1- 3 |  4- 6 || total
-------------------------+-------+-------++-------
Melee: Mace              |   113 |     6 ||   119
       Headbutt          |     9 |     1 ||    10
       Flail             |       |     5 ||     5
Throw: Dart              |       |     2 ||     2
Invok: Depart the Abyss  |     1 |       ||     1
  Use: Scroll            |     4 |       ||     4
Armor: Scale mail        |    57 |       ||    57
       Ring mail         |    18 |       ||    18
Dodge: Dodged            |    53 |     8 ||    61
